 Dungeon Crawl Stone Soup version 0.29-a0-620-g13ace881f2 (webtiles) character file.

Game seed: 5146218088172297179

147 xian the Skirmisher (level 5, -1/69 HPs)
             Began as a Draconian Fighter on June 18, 2022.
             Succumbed to a gnoll's poison
             ... on level 3 of the Dungeon.
             The game lasted 00:05:53 (2507 turns).

xian the Skirmisher (Draconian Fighter)             Turns: 2507, Time: 00:05:54

Health: -1/69      AC: 22    Str: 18 (21) XL:     5   Next: 8%
Magic:  5/5        EV:  2    Int:  7 (8)  God:
Gold:   98         SH:  4    Dex:  7 (10) Spells: 4/4 levels left

rFire   . . .      SeeInvis .   a - +0 long sword
rCold   . . .      Faith    .   b - +0 buckler
rNeg    . . .      Spirit   .   (body armour unavailable)
rPois   +          Reflect  .   (helmet currently unavailable)
rElec   .          Harm     .   (cloak currently unavailable)
rCorr   .          Rampage  .   (gloves currently unavailable)
Will    .....      NoTele   +   (boots currently unavailable)
Stlth   +.........              (no amulet)
HPRegen 0.21/turn               (no ring)
MPRegen 0.09/turn               (no ring)

@: lethally poisoned (-1 -> -9), tree-form
A: stationary, stasis, torment immunity, boosted hp, AC +5, unfitting armour,
(cold-blooded)
a: no special abilities


You were on level 3 of the Dungeon.
You were a tree.
You visited 1 branch of the dungeon, and saw 3 of its levels.

You collected 98 gold pieces.

Inventory:

Hand Weapons
 a - a +0 long sword (weapon)
Missiles
 n - 4 throwing nets (quivered)
Armour
 b - a +0 buckler (worn)
 f - a +0 pair of boots (melded)
 i - a +0 cloak (melded)
Jewellery
 e - a ring of poison resistance
Scrolls
 d - 3 scrolls of enchant weapon {unknown}
 g - 2 scrolls of amnesia {unknown}
 h - a scroll of blinking {unknown}
 j - a scroll of enchant armour {unknown}
 m - 2 scrolls of noise {unknown}
 q - a scroll of identify {unknown}
Potions
 c - a potion of might
 o - a potion of lignification
 s - a potion of invisibility {unknown}


   Skills:
 + Level 3.9 Fighting
 + Level 3.4 Long Blades
 + Level 3.5 Dodging
 + Level 1.0 Stealth
 + Level 3.6 Shields


You had 4 spell levels left.
You didn't know any spells.
Your spell library contained the following spells:

 Spells                   Type           Power      Damage    Failure   Level
 Malign Gateway           Summ/Tloc      0%         N/A       100%        7
 Summon Horrible Things   Summ           0%         N/A       100%        8


Dungeon Overview and Level Annotations

Branches:
Dungeon (3/15)

Altars:


Innate Abilities, Weirdness & Mutations

You are a tree.
Your roots penetrate the ground, keeping you stationary.
You cannot be teleported.
You are immune to unholy pain and torment.
Your maximum health is greatly increased.
Your equipment is partially melded.
((Your plain brown scales are hard. (AC +5)))
You cannot fit into any form of body armour.
((You are cold-blooded and may be slowed by cold attacks.))


Message History

* * * LOW HITPOINT WARNING * * *
You feel sick.
* * * LOW HITPOINT WARNING * * *
You feel sick.
You see here a +0 scale mail.
* * * LOW HITPOINT WARNING * * *
You feel sick.
It was a potion of lignification.
You turn into a tree.
Your +0 cloak melds into your body.
Your +0 pair of boots melds into your body.
Your roots penetrate the ground.
You feel sick. The gnoll hits you but does no damage.
It was a potion of flight.
Your roots keep you in place.
You feel sick. The gnoll hits you but does no damage.
It was a potion of magic.
Magic courses through your body.
You feel sick. The gnoll hits you but does no damage.
It was a potion of degeneration.
There was something very wrong with that liquid.
You feel weakened.
You feel dopey.
You feel clumsy.
You feel sick. The gnoll hits you but does no damage.
It was a potion of curing.
You feel better. The gnoll hits you but does no damage.
You hit the gnoll.
The gnoll is lightly wounded.
The gnoll hits you with a +0 club.
* * * LOW HITPOINT WARNING * * *
You slash the gnoll!
The gnoll is severely wounded.
The gnoll hits you with a +0 club.
* * * LOW HITPOINT WARNING * * *
You hit the gnoll.
You kill the gnoll!
You slash the gnoll!
The gnoll is severely wounded.
The gnoll hits you but does no damage.
You are lethally poisoned!
The gnoll hits you but does no damage.
You closely miss the gnoll.
The gnoll is severely wounded.
You die...

#.# #.# #.# #.#
#.###.###
##.####.......#####
...................
........)).........
...###.####.#.#....
#. #g#.# ### #. #♣#
. .. #. #.# ## .###
.. #.# ... ## #.#
..# #.# ..# #.# ..#
#.##########.#####
#.......†.........
##......###...####


You could see a gnoll.

Vanquished Creatures
  5 gnolls
  4 adders
  An adder skeleton (D:2)
  A dart slug (D:1)
  3 bats (D:1)
  8 endoplasms
  2 giant cockroaches (D:2)
  4 goblins
  4 hobgoblins (D:1)
  4 jackals (D:1)
  7 kobolds
  A quokka (D:1)
  3 ball pythons
  A ball python zombie (D:2)
  A frilled lizard (D:2)
  A jackal zombie (D:2)
  A quokka skeleton (D:2)
  8 rats
59 creatures vanquished.

Vanquished Creatures (others)
  A withered plant (D:2)
1 creature vanquished.

Grand Total: 60 creatures vanquished

Notes
Turn   | Place    | Note
-------+----------+-------------------------------------------
     0 | D:1      | xian the Draconian Fighter began the quest for the Orb.
     0 | D:1      | Reached XP level 1. HP: 19/19 MP: 1/1
   339 | D:1      | Reached XP level 2. HP: 26/26 MP: 2/2
   807 | D:1      | Reached XP level 3. HP: 31/31 MP: 3/3
  1224 | D:2      | Reached XP level 4. HP: 11/40 MP: 4/4
  1876 | D:2      | Reached skill level 1 in Stealth
  1883 | D:2      | Identified the +1 robe of Darkness {Harm rPois rF+ Will-}
  2495 | D:3      | Reached XP level 5. HP: 9/46 MP: 5/5
  2501 | D:3      | HP: 3/69 [poisoned by a gnoll]
  2507 | D:3      | Succumbed to a gnoll's poison

Illustrated notes

Levels and vault maps discovered:
D:1:      lightli_arrival_quake, layout_loops_corners
D:2:      layout_basic, serial_undead, serial_undead_c, serial_undead_d,
          serial_undead_b, serial_undead_f, minmay_misc_feat_plants,
          roderic_lattice_a
D:3:      layout_basic, mainiacjoe_overflow_alcove_1, minivault_27

Skill      XL: |  1  2  3  4 |
---------------+-------------+-----
Dodging        | 3 |  3.5
Long Blades    | 3 |  3.4
Stealth        | 1 |  1.0
Fighting       | |  3.9
Shields        | |  3.6

Action                   |  1- 3 |  4- 6 || total
-------------------------+-------+-------++-------
Melee: Long sword        |    76 |    85 ||   161
       Tailslap          |     8 |    10 ||    18
  Use: Potion            |       |     5 ||     5
 Stab: Sleeping          |     1 |       ||     1
Armor: Skin              |    41 |    57 ||    98
Dodge: Dodged            |    42 |    62 ||   104
Block: Buckler           |    24 |    16 ||    40

Table legend: (Time is in decaauts)
 A = Elapsed time spent in this place.
 B = Non-inter-level travel time spent in this place.
 C = Inter-level travel time spent in this place.
 D = Time resting spent in this place.
 E = Time spent auto-exploring this place.
 F = Levels seen in this place.
 G = Mean time per level.
                   A        B        C        D        E       F      G
               +--------+--------+--------+--------+--------+-----+--------+
         Total |   2557 |   2511 |     46 |      0 |   1687 |   3 |  852.3 |
       Dungeon |   2557 |   2511 |     46 |      0 |   1687 |   3 |  852.3 |
               +--------+--------+--------+--------+--------+-----+--------+

Top non-repeatable levels by time:
     D:2: 1314 daAuts
     D:1: 1158 daAuts
     D:3: 84 daAuts
